 Dungeon Crawl Stone Soup version 0.27-a0-1308-gc08437e49b (webtiles) character file.

Game seed: 12931413275582200198

14931 Sobieck the Nimble (level 11, 0/56 HPs)
             Began as a Spriggan Berserker on June 18, 2021.
             Was a High Priest of Trog.
             Slain by a blink frog (9 damage)
             ... led by Prince Ribbit
             ... on level 2 of the Lair of Beasts.
             The game lasted 00:35:24 (17926 turns).

Sobieck the Nimble (Spriggan Berserker)            Turns: 17926, Time: 00:35:24

Health: 0/56       AC:  8    Str: 16    XL:     11   Next: 95%
Magic:  12/12      EV: 25    Int:  9    God:    Trog [*****.]
Gold:   775        SH:  0    Dex: 15    Spells: 10/10 levels left

rFire    + . .     SeeInvis +   a - +3 long sword (freeze) {long}
rCold    . . .     Faith    .   (shield restricted)
rNeg     . . .     Spirit   .   t - +2 steam dragon scales
rPois    .         Reflect  .   (helmet restricted)
rElec    .         Harm     .   n - +0 cloak
rCorr    .         Rampage  .   (gloves unavailable)
Will     ++...                  (boots unavailable)
Stlth    +.........             (no amulet)
HPRegen  0.18/turn              l - ring of protection from fire
MPRegen  0.13/turn              p - ring of willpower

@: on berserk cooldown, slowed, quick
A: very small, no large weapons, unfitting armour, see invisible, speed 3
a: Renounce Religion, Berserk, Trog's Hand, Brothers in Arms


You were on level 2 of the Lair of Beasts.
You worshipped Trog.
Trog was extremely pleased with you.
You visited 2 branches of the dungeon, and saw 15 of its levels.

You collected 775 gold pieces.


Innate Abilities, Weirdness & Mutations

You are very small and have problems with some larger weapons.
You are too small for most types of armour.
You have supernaturally acute eyesight. (SInv)
You cover ground extremely quickly. (Speed+++)


   Skills:
 - Level 6.0 Fighting
 * Level 12.6 Long Blades
 - Level 14.0 Dodging


You had 10 spell levels left.
You didn't know any spells.
Your spell library contained the following spells:

 Spells                   Type           Power      Damage    Failure   Level
 Passwall                 Tmut/Erth      0%         N/A       52%         2
 Mephitic Cloud           Conj/Pois/Air  0%         N/A       77%         3
 Petrify                  Tmut/Erth      0%         N/A       99%         4

Inventory:

Hand Weapons
 a - a +3 long sword of freezing (weapon) {long}
   (You took it off a wight on level 8 of the Dungeon)
 b - a +0 hunting sling {sling}
   (You found it on level 1 of the Dungeon)
 e - a +5 long sword {long}
   (You took it off a wight on level 8 of the Dungeon)
 v - a +3 flail of freezing {mace}
   (You took it off a wight on level 8 of the Dungeon)
 G - a +0 dagger of distortion {!wshort}
   (You took it off Sonja on level 10 of the Dungeon)
 J - a +0 morningstar of protection {mace}
   (You took it off an orc on level 9 of the Dungeon)
 L - the +8 dagger "Beetleslayer" {flame, rF- Dex+6, short}
   (You found it on level 10 of the Dungeon)

   It has been specially enchanted to burn those struck by it, causing extra
   injury to most foes and up to half again as much damage against particularly
   susceptible opponents.
   It affects your dexterity (+6).
   It makes you vulnerable to fire.
Missiles
 c - 91 bolts
 d - 105 sling bullets
 g - 424 stones {throwing}
 i - 11 boomerangs {throwing}
 j - 156 arrows
 y - 3 curare-tipped darts {=fthrowing}
 D - 37 poisoned darts {throwing}
 E - 5 throwing nets {=f!fthrowing}
Armour
 n - a +0 cloak (worn)
   (You took it off Maurice on level 8 of the Dungeon)
 t - +2 steam dragon scales (worn)
   (You took it off Maggie on level 6 of the Dungeon)
Jewellery
 l - a ring of protection from fire (left hand)
   (You found it on level 2 of the Dungeon)
 m - a ring of wizardry
   (You took it off a gnoll on level 6 of the Dungeon)
 p - a ring of willpower (right hand)
   (You took it off Maurice on level 8 of the Dungeon)
 H - a ring of ice
   (You found it on level 9 of the Dungeon)
 M - a ring of flight
   (You found it on level 10 of the Dungeon)
Wands
 k - a wand of iceblast (6)
   (You found it on level 8 of the Dungeon)
 o - a wand of digging (4)
   (You found it on level 3 of the Dungeon)
 q - a wand of paralysis (24)
   (You found it on level 8 of the Dungeon)
 z - a wand of acid (7)
   (You found it on level 5 of the Dungeon)
 K - a wand of flame (22)
   (You found it on level 10 of the Dungeon)
Scrolls
 B - a scroll of immolation {!r!r}
 N - a scroll of fear
 O - a scroll of fog {unknown}
Potions
 f - 3 potions of resistance
 h - 8 potions of curing {@q1}
 s - 5 potions of mutation {!q}
 u - a potion of haste {@q3}
 w - a potion of flight
 x - 2 potions of lignification {!q}
 A - 2 potions of attraction {!q}
 C - a potion of invisibility {unknown}
 F - a potion of degeneration {unknown}
 I - 2 potions of brilliance
Miscellaneous
 r - a piece from Xom's chessboard (15/15)
   (You found it on level 1 of the Lair of Beasts)

Dungeon Overview and Level Annotations

Branches:
Dungeon (13/15)            Temple (0/1) D:4            Lair (2/6) D:9
    Orc (0/2) D:10
  Swamp: Lair:2-4    Shoals: Lair:2-4     Snake: Lair:2-4    Spider: Lair:2-4
 Vaults: D:13-14

Altars:
Cheibriados
Dithmenos
Fedhas
Gozag
Hepliaklqana
Makhleb
Ru
Uskayaw
Vehumet
Wu Jian
Xom
Yredelemnul

Shops:
D:6 !   D:8 *   D:10 :   D:11 *

Annotations:
D:7 exclusion: downstairs
D:10 exclusion: downstairs
D:12 exclusion: downstairs
Lair:1 exclusion: oklob plant
Lair:2 Prince Ribbit

### ##PP ##... ..... #.
##### ######### #####
##<.<##♣....♣♣.♣♣♣...♣
♣♣#....@#.≈≈≈.†..♣♣P.♣.♣
♣.∩.....F.≈≈.♣†♣.♣P≈≈≈..
♣.♣#.....#♣♣..♣.♣......P♣
. ##.>.## ♣♣♣♣♣♣^♣♣♣♣♣♣♣
##### ♣.♣ ♣.♣ ♣♣. ♣


You could see a blink frog.


Message History

The cane toad completely misses you.
You riposte.
You closely miss the cane toad.
The blink frog blinks!
You slash the cane toad!
The cane toad seems to slow down.
You freeze the cane toad. The cane toad stings you. 😮 HP[-6]
You take 6 damage, and now have 48/84 hp.
You slice the cane toad!! You freeze the cane toad.
You hit the cane toad but do no damage. Prince Ribbit completely misses you.
You riposte.
You slash Prince Ribbit! You freeze Prince Ribbit.
You closely miss the komodo dragon. The cane toad completely misses you.
The komodo dragon misses you.
The blink frog blinks!
Prince Ribbit misses you.
You slash the komodo dragon! You freeze the komodo dragon.
Unknown command.
You slash the komodo dragon!
The komodo dragon seems to slow down.
You freeze the komodo dragon!
The blink frog blinks! x2
Prince Ribbit hits you.
You hit the komodo dragon but do no damage.
You are no longer berserk.
You are exhausted.
You feel yourself slow down. The cane toad completely misses you.
The komodo dragon misses you.
You riposte.
You slash the komodo dragon!
The komodo dragon seems to slow down.
You freeze the komodo dragon.
You kill the komodo dragon!
Trog accepts your kill. Prince Ribbit closely misses you.
You riposte.
You hit Prince Ribbit.
Prince Ribbit seems to slow down.
You freeze Prince Ribbit. 😮 HP[-16]
You now have 56 max hp (-28).
The cane toad misses you.
You riposte.
You hit the cane toad but do no damage.
You see here a komodo dragon corpse.
You hit Prince Ribbit.
Prince Ribbit seems to slow down.
You freeze Prince Ribbit.
The cane toad is no longer moving slowly.
The blink frog blinks!
Prince Ribbit barely misses you. The blink frog misses you.
The cane toad completely misses you. Prince Ribbit barely misses you.
Unknown command.
You miss Prince Ribbit. The blink frog closely misses you.
The blink frog hits you but does no damage.
The cane toad misses you.
You riposte.
You hit the cane toad but do no damage. Prince Ribbit completely misses you.
The blink frog blinks!
The cane toad stings you!
* * * LOW HITPOINT WARNING * * *
You are poisoned.
The cane toad poisons you! The blink frog misses you. 😨 HP[-11]
You take 11 damage, and now have 21/56 hp.
You feel very sick.
Prince Ribbit is no longer moving slowly. 😨 HP[-2]
You take 2 damage, and now have 19/56 hp.
Unknown command.
You feel very sick.
The cane toad completely misses you. 😨 HP[-3]
You take 3 damage, and now have 16/56 hp.
You feel sick. 😱 HP[-2]
You take 2 damage, and now have 14/56 hp.
You feel sick. 😱 HP[-1]
You take 1 damage, and now have 13/56 hp.
You feel better. The cane toad closely misses you.
You riposte.
You barely miss the cane toad. The cane toad misses you.
You riposte.
You hit the cane toad. You freeze the cane toad.
You kill the cane toad!
Trog accepts your kill. 😨 HP[+8]
You regained 8 hp, and now have 21/56 hp.
The blink frog blinks!
The blink frog blinks! 😨 HP[+1] Prince Ribbit closely misses you.
You hit Prince Ribbit. You freeze Prince Ribbit.
Prince Ribbit mumbles some strange words.
Prince Ribbit easily resists.
Prince Ribbit misses you.
The blink frog hits the plant.
The plant begins to die.
The blink frog blinks!
You hit Prince Ribbit.
Prince Ribbit seems to slow down.
You freeze Prince Ribbit.
Prince Ribbit blinks! 😨 HP[+1]
You miss Prince Ribbit.
Prince Ribbit casts a spell.
Prince Ribbit looks slightly unstable.
You miss Prince Ribbit. Prince Ribbit hits you!
* * * LOW HITPOINT WARNING * * *
The blink frog completely misses you.
The blink frog hits the plant. 😱 HP[-16]
You take 16 damage, and now have 7/56 hp.
MASSIVE DAMAGE!! (PAUSE) Prince Ribbit blinks!
The blink frog completely misses you.
You riposte.
You miss the blink frog.
You see here a water moccasin corpse. 😱 HP[+1]
The blink frog barely misses you.
The blink frog blinks!
There is an empty arch of ancient stone here. 😱 HP[+1]
The blink frog hits you!
You die...

Skill      XL: |  1  2  3  4  5  6  7  8  9 10 11 |
---------------+----------------------------------+-----
Long Blades    | 3 4 5 7 9 10 12 | 12.6
Fighting       | 3 4 5 6 |  6.0
Dodging        | 5 6 7 8 10 12 14 | 14.0

Action                   |  1- 3 |  4- 6 |  7- 9 | 10-12 || total
-------------------------+-------+-------+-------+-------++-------
Melee: Falchion          |    48 |   149 |   316 |   145 ||   658
       Long sword        |       |       |       |   303 ||   303
 Fire: Hunting sling     |    58 |    88 |   117 |    24 ||   287
Throw: Boomerang         |       |       |       |     6 ||     6
Invok: Berserk           |     3 |     5 |    24 |    24 ||    56
       Trog's Hand       |       |       |     1 |     3 ||     4
       Brothers in Arms  |       |       |       |     2 ||     2
Evoke: Wand              |       |       |       |     8 ||     8
  Use: Scroll            |       |     3 |    10 |     5 ||    18
       Potion            |       |       |       |     2 ||     2
 Stab: Sleeping          |     2 |     1 |       |     1 ||     4
       Distracted        |       |     1 |     2 |       ||     3
Armor: Animal skin       |     4 |    22 |     6 |       ||    32
       Steam dragon scal |       |       |    14 |    42 ||    56
Dodge: Dodged            |    59 |   156 |   263 |   407 ||   885
       Rpst.: Falchion   |    21 |    43 |    80 |    29 ||   173
       Long sword        |       |       |       |    86 ||    86

Levels and vault maps discovered:
D:1:      dpeg_arrival_rooms_with_view, layout_basic, kennysheep_minor_cross
D:2:      layout_basic, ebering_ecumenical_altar_abandoned,
          minmay_shallow_snake_nest, uniq_robin, uniq_natasha
D:3:      layout_loops_ring, worldfamousw_hep_ancestral_shrine,
          serial_co_window_serial, co_window_cross_1, co_window_paths_a,
          co_window_of_opportunity_a, co_window_paths_b, co_window_paths_a,
          co_window_corner_a, co_window_2corner, co_window_of_opportunity_c,
          co_window_corner_ca, co_window_of_opportunity_b,
          co_window_unsneaky_path_e, co_window_cross_3, co_window_2corner,
          co_window_4corner_b, co_window_paths_e, glass_columns_a,
          glass_columns_a, glass_columns_b, glass_columns_a, glass_columns_b
D:4:      layout_loops_corners, minmay_temple_entry_antechambers,
          kennysheep_generic_room_5
D:5:      layout_cave_pods, uniq_edmund
D:6:      layout_gridville, xom_confusion_cloud, hangedman_ru_absence,
          serial_shops, nicolae_stop_n_shop_2, uniq_maggie
D:7:      layout_basic, kennysheep_mini, hangedman_decor_riveting
D:8:      layout_basic, grunt_temple_overflow_lords_of_destruction,
          amcnicky_altar_gilded, nicolae_gozag_cash_rules_everything_around_me,
          serial_shops, shop, uniq_harold, uniq_grum, uniq_maurice
D:9:      layout_basic, minitemple, erik_lair_island, minivault_23
D:10:     minmay_recursive_quarters, layout_gridville, david_orc_3,
          nicolae_shop_self_help, uniq_sonja
D:11:     layout_loops_cross, serial_shops, shop, nicolae_shop_crystal,
          nicolae_lakefront_shop, shop,
          hangedman_abyss_or_decor_jellyfish_corner, yredelemnul_altar_generic
D:12:     layout_stronghold, enter_bailey_3
D:13:     cheibrodos_histonic, layout_cave_pools, portal_ice_cave_demonic_guard,
          kennysheep_generic_room_6
Lair:1:   layout_big_grid, nzn_masters_of_martial_movement,
          serial_bayou_shore_a, minmay_lair_oklob_chamber, grunt_megastairs_3,
          uniq_fannar
Lair:2:   nzn_winding_woodlands_stair_trap
          [nzn_winding_woodlands_5x15_pathside_ponds,
          nzn_winding_woodlands_5x15_pockets,
          nzn_winding_woodlands_5x15_sawtooth,
          nzn_winding_woodlands_15x15_thick_spiral,
          nzn_winding_woodlands_5x15_zeroes, nzn_winding_woodlands_5x15_cabin,
          nzn_winding_woodlands_5x15_jagged], layout_cave_pods,
          minmay_swamp_entry_reptiles, guppyfry_snake_entry_garden,
          uniq_prince_ribbit2

Notes
Turn   | Place    | Note
-------+----------+-------------------------------------------
     0 | D:1      | Sobieck the Spriggan Berserker began the quest for the Orb.
     0 | D:1      | Reached XP level 1. HP: 11/11 MP: 2/2
     0 | D:1      | magus.rc [v1.9.6]
   229 | D:1      | Reached XP level 2. HP: 16/16 MP: 3/3
  1174 | D:1      | Reached XP level 3. HP: 19/19 MP: 4/4
  1318 | D:2      | Noticed Robin
  1320 | D:2      | Reached ** piety under Trog
  1329 | D:2      | Killed Robin
  1330 | D:2      | Reached skill level 3 in Long Blades
  1341 | D:2      | Reached skill level 3 in Fighting
  1620 | D:2      | Reached XP level 4. HP: 21/24 MP: 5/5
  1990 | D:2      | Found a faded altar of an unknown god.
  2091 | D:2      | Noticed Natasha
  2099 | D:2      | Killed Natasha
  2100 | D:2      | Reached skill level 5 in Dodging
  2131 | D:2      | Noticed Natasha
  2206 | D:2      | Killed Natasha
  2271 | D:2      | Noticed Natasha
  2401 | D:2      | Killed Natasha
  2402 | D:2      | Reached XP level 5. HP: 28/28 MP: 6/6
  3022 | D:3      | Reached *** piety under Trog
  3175 | D:3      | Found a hazy altar of Hepliaklqana.
  3216 | D:3      | Reached skill level 4 in Long Blades
  3384 | D:5      | Entered Level 5 of the Dungeon
  3770 | D:3      | Reached XP level 6. HP: 29/32 MP: 7/7
  4445 | D:4      | Found a staircase to the Ecumenical Temple.
  5036 | D:4      | Reached skill level 6 in Dodging
  5334 | D:6      | Found Une Jid's Distillery.
  5334 | D:6      | Noticed a sky beast
  5334 | D:6      | Noticed an ice beast
  5711 | D:4      | Reached skill level 4 in Fighting
  5711 | D:4      | Reached skill level 5 in Long Blades
  5711 | D:4      | Reached XP level 7. HP: 37/37 MP: 8/8
  6155 | D:5      | Reached skill level 7 in Dodging
  6479 | D:5      | Reached **** piety under Trog
  6960 | D:5      | Reached XP level 8. HP: 41/42 MP: 9/9
  7062 | D:6      | Reached skill level 6 in Long Blades
  7302 | D:6      | Identified the Tome of Unstable Poisoning
  7843 | D:5      | Noticed Edmund
  7855 | D:5      | Killed Edmund
  7856 | D:5      | Reached skill level 5 in Fighting
  8107 | D:6      | Reached skill level 8 in Dodging
  8263 | D:6      | You add the spells Passwall, Mephitic Cloud and Petrify to
                  | your library.
  8480 | D:8      | Noticed Maurice
  8653 | D:6      | Reached skill level 7 in Long Blades
  8768 | D:6      | Found a shimmering altar of Xom.
  8935 | D:6      | Reached XP level 9. HP: 47/47 MP: 10/10
  8966 | D:6      | Noticed Maggie
  8991 | D:6      | HP: 10/47 [Maggie/bolt of fire (7)]
  8993 | D:6      | Killed Maggie
  8994 | D:6      | Reached skill level 9 in Dodging
  9286 | D:6      | Found a sacrificial altar of Ru.
  9480 | D:8      | Found Zussaddu's Assorted Antiques.
  9494 | D:7      | HP: 17/72 [slime creature (15)]
  9527 | D:7      | HP: 4/48 [wyvern skeleton (9)]
 10004 | D:7      | Reached skill level 8 in Long Blades
 10076 | D:7      | Reached skill level 6 in Fighting
 10394 | D:7      | Found a blossoming altar of Fedhas.
 10642 | D:7      | Reached skill level 10 in Dodging
 10853 | D:7      | Reached skill level 9 in Long Blades
 11654 | D:9      | Reached XP level 10. HP: 53/53 MP: 11/11
 11889 | D:8      | Found an opulent altar of Gozag.
 12107 | D:8      | Reached skill level 11 in Dodging
 12328 | D:8      | Found a snail-covered altar of Cheibriados.
 12329 | D:8      | Noticed Harold
 12357 | D:8      | Killed Harold
 12358 | D:8      | Reached skill level 10 in Long Blades
 12437 | D:8      | Found a burning altar of Makhleb.
 12437 | D:8      | Found a radiant altar of Vehumet.
 12469 | D:8      | Noticed Grum
 12483 | D:8      | Killed Grum
 12683 | D:8      | Killed Maurice
 13166 | D:10     | Entered Level 10 of the Dungeon
 13199 | D:11     | Reached skill level 12 in Dodging
 13258 | D:9      | Found a staircase to the Lair.
 13641 | D:10     | Noticed Sonja
 13646 | D:10     | Killed Sonja
 13647 | D:10     | Reached XP level 11. HP: 56/56 MP: 12/12
 14310 | D:9      | Found a shadowy altar of Dithmenos.
 14314 | D:9      | Found a basalt altar of Yredelemnul.
 14509 | D:11     | Noticed an eight-headed hydra
 14583 | D:10     | Reached skill level 13 in Dodging
 14737 | D:10     | Found a staircase to the Orcish Mines.
 14937 | D:10     | Reached ***** piety under Trog
 15019 | D:10     | You fall into a shaft and drop 3 floors!
 15211 | D:11     | Found Utog's General Store.
 15294 | D:10     | Noticed a two-headed ogre
 15316 | D:10     | Killed a two-headed ogre
 15465 | D:10     | Reached skill level 11 in Long Blades
 15643 | D:10     | Identified the +8 dagger "Beetleslayer" {flame, rF- Dex+6}
 15713 | D:10     | Reached skill level 14 in Dodging
 15819 | D:10     | Found Plog's Self-Improvement Boutique.
 16330 | Lair:1   | Entered Level 1 of the Lair of Beasts
 16346 | Lair:1   | Noticed Fannar
 16425 | Lair:1   | Killed Fannar
 16736 | Lair:1   | Noticed an oklob plant
 16813 | Lair:1   | Noticed an eight-headed hydra
 16823 | Lair:1   | Killed an eight-headed hydra
 16824 | Lair:1   | Reached skill level 12 in Long Blades
 16927 | Lair:1   | Noticed a boulder beetle
 17405 | Lair:1   | Found an ornate altar of the Wu Jian Council.
 17405 | Lair:1   | Found a hide-covered altar of Uskayaw.
 17883 | Lair:2   | Noticed Prince Ribbit
 17904 | Lair:2   | HP: 14/56 [poisoned by a cane toad]
 17916 | Lair:2   | HP: 7/56 [Prince Ribbit (16)]
 17926 | Lair:2   | Slain by a blink frog

Vanquished Creatures
  Harold (D:8)
  A hydra (Lair:1)
  A two-headed ogre (D:10)
  Sonja (D:10)
  Maurice (D:8)
  Maggie (D:6)
  2 cane toads
  A komodo dragon (Lair:2)
  A hornet (D:7)
  2 trolls
  3 slime creatures
  A shadow (D:10)
  17 yaks
  Grum (D:8)
  2 steam dragons
  Edmund (D:5)
  2 wargs (D:10)
  3 water moccasins
  2 orc warriors (D:10)
  2 ice beasts
  3 sky beasts
  A necrophage (D:4)
  2 ogres
  9 wolves
  4 centaurs
  A phantom (D:5)
  2 kobold brigands
  2 bullfrogs
  2 scorpions
  2 wyvern skeletons (D:7)
  2 water moccasin skeletons
  10 killer bees
  10 wights
  9 howler monkeys
  2 centaur zombies
  A crimson imp (D:8)
  A bullfrog zombie (D:3)
  3 jellies
  5 orc priests
  9 hounds
  A gnoll shaman (D:9)
  4 iguanas
  Natasha (thrice) (D:2)
  5 hell rats (Lair:1)
  4 orc wizards
  Robin (D:2)
  9 gnolls
  8 adders
  3 shadow imps
  2 adder skeletons (D:4)
  An adder zombie (D:5)
  A worm (D:3)
  2 dart slugs
  25 orcs
  8 bats
  10 endoplasms
  5 giant cockroaches
  12 goblins
  8 hobgoblins
  5 jackals
  15 kobolds
  4 quokkas
  10 ball pythons
  3 frilled lizards
  6 rats
281 creatures vanquished.

Vanquished Creatures (collateral kills)
  Fannar (Lair:1)
  A yak (D:8)
  3 wights (D:8)
5 creatures vanquished.

Vanquished Creatures (others)
  A necrophage (D:6)
  An orc wizard (D:6)
  An orc (D:6)
  5 plants
8 creatures vanquished.

Grand Total: 294 creatures vanquished

Table legend:
 A = Non-vault XP
 B = Vault XP
 C = Vault XP percentage of total XP
 D = Non-vault monster count
 E = Vault monster count
 F = Vault count percentage of total count
                 A         B        C        D         E       F
            +---------+---------+-------+---------+---------+-------
      Total |   13291 |    8039 |  37.7 |     221 |      65 |  22.7
            +---------+---------+-------+---------+---------+-------
        D:1 |      34 |       4 |  10.5 |      20 |       2 |   9.1
        D:2 |     120 |      91 |  43.1 |      27 |      18 |  40.0
        D:3 |     180 |       0 |   0.0 |      24 |       0 |   0.0
        D:4 |     280 |     119 |  29.8 |      11 |       3 |  21.4
        D:5 |     833 |     173 |  17.2 |      21 |       1 |   4.5
        D:6 |     796 |     477 |  37.5 |      10 |       3 |  23.1
        D:7 |    2016 |       0 |   0.0 |      22 |       0 |   0.0
        D:8 |    2325 |    1993 |  46.2 |      26 |       7 |  21.2
        D:9 |    1015 |     775 |  43.3 |      23 |       9 |  28.1
       D:10 |     800 |    3212 |  80.1 |      11 |      13 |  54.2
       D:11 |     330 |       0 |   0.0 |       3 |       0 |   0.0
       D:12 |     133 |       0 |   0.0 |       6 |       0 |   0.0
     Lair:1 |    3650 |     830 |  18.5 |      15 |       6 |  28.6
     Lair:2 |     779 |     365 |  31.9 |       2 |       3 |  60.0
            +---------+---------+-------+---------+---------+-------

Illustrated notes

Table legend:
 A = Kills in this place as a percentage of kills in entire the game.
 B = Kills by you in this place as a percentage of kills by you in the entire game.
 C = Kills by friends in this place as a percentage of kills by friends in the entire game.
 D = Other kills in this place as a percentage of other kills in the entire game.
 E = Experience gained in this place as a percentage of experience gained in the entire game.
 F = Experience gained in this place divided by the number of levels of this place that you have seen.
                   A       B       C       D       E      F
               +-------+-------+-------+-------+-------+----------------------
         Total | 100.0 | 100.0 | 100.0 |   N/A | 100.0 | 1422.0
       Dungeon |  90.9 |  91.1 |  80.0 |   N/A |  73.6 | 1208.2
          Lair |   9.1 |   8.9 |  20.0 |   N/A |  26.4 | 2812.0
               +-------+-------+-------+-------+-------+----------------------

Table legend: (Time is in decaauts)
 A = Elapsed time spent in this place.
 B = Non-inter-level travel time spent in this place.
 C = Inter-level travel time spent in this place.
 D = Time resting spent in this place.
 E = Time spent auto-exploring this place.
 F = Levels seen in this place.
 G = Mean time per level.
                   A        B        C        D        E       F      G
               +--------+--------+--------+--------+--------+-----+--------+
         Total |  14620 |  14099 |    521 |   6056 |   5641 |  15 |  974.7 |
       Dungeon |  13470 |  12982 |    488 |   5589 |   5210 |  13 | 1036.2 |
          Lair |   1150 |   1118 |     32 |    467 |    430 |   2 |  575.0 |
               +--------+--------+--------+--------+--------+-----+--------+

Top non-repeatable levels by time:
     D:6: 1683 daAuts
     D:5: 1616 daAuts
     D:8: 1536 daAuts
     D:7: 1460 daAuts
    D:10: 1292 daAuts
     D:2: 1222 daAuts
     D:4: 1221 daAuts
     D:1: 1151 daAuts
     D:9: 1030 daAuts
     D:3: 1029 daAuts
  Lair:1: 971 daAuts
  Lair:2: 179 daAuts
    D:12: 161 daAuts
    D:11: 59 daAuts
    D:13: 5 daAuts
